 Dungeon Crawl Stone Soup version 0.25.0-3-gd7cc5688da (webtiles) character file.

Game seed: 12776794443549581881

4 Esekla the Grave Robber (level 1, -4/13 HPs)
             Began as a Formicid Necromancer on June 15, 2020.
             Slain by a kobold
             ... wielding a +0 club
              (6 damage)
             ... on level 1 of the Dungeon.
             The game lasted 00:01:42 (148 turns).

Esekla the Grave Robber (Formicid Necromancer)       Turns: 148, Time: 00:01:42

Health: -4/13      AC:  2    Str: 12    XL:     1   Next: 66%
Magic:  1/3        EV: 12    Int: 14    God:
Gold:   22         SH:  0    Dex: 11    Spells: 3/4 levels left

rFire    . . .     SeeInvis +   b - +0 spear
rCold    . . .     Gourm    .   (no shield)
rNeg     . . .     Faith    .   a - +0 robe
rPois    .         Spirit   .   (helmet unavailable)
rElec    .         Reflect  .   (no cloak)
rCorr    .         Harm     .   (no gloves)
MR       .....                  (no boots)
Stlth    ++........             (no amulet)
HPRegen  0.04/turn              (no ring)
MPRegen  0.08/turn              (no ring)

@: no status effects
A: permanent stasis, dig shafts and tunnels, four strong arms, antennae 3
a: Dig, Shaft Self


You were on level 1 of the Dungeon.
You were not hungry.

You visited 1 branch of the dungeon, and saw 1 of its levels.

You collected 22 gold pieces.

Inventory:

Hand Weapons
 b - a +0 spear (weapon)
 d - a +0 short sword
Armour
 a - a +0 robe (worn)
Comestibles
 c - a ration


   Skills:
 * Level 0.3 Fighting
 + Level 1.7 Dodging
 - Level 2.4 Stealth
 * Level 2.2 Spellcasting
 + Level 4.1 Necromancy


You had 3 spell levels left.
You knew the following spells:

 Your Spells              Type           Power        Failure   Level  Hunger
a - Pain                  Necr           ##..         4%          1    #......

Your spell library contained the following spells:

 Spells                   Type           Power        Failure   Level  Hunger
 Animate Skeleton         Necr           N/A          4%          1    #......
 Vampiric Draining        Necr           ##........   13%         3    ###....
 Animate Dead             Necr           N/A          38%         4    #####..
 Agony                    Necr           ##......     75%         5    ######.


Dungeon Overview and Level Annotations

Branches:
Dungeon (1/15)

Altars:


Innate Abilities, Weirdness & Mutations

You cannot be hasted, slowed, berserked, paralysed or teleported.
You can dig through walls and to a lower floor.
Your four strong arms can wield two-handed weapons with a shield.
You have a pair of large antennae on your head. (SInv)


Message History

You barely miss the kobold. The kobold closely misses you.
You barely miss the kobold. The kobold barely misses you.
You hit the kobold but do no damage. The kobold hits you with a +0 club.
You hit the kobold.
The kobold is moderately wounded.
The kobold hits you with a +0 club.
* * * LOW HITPOINT WARNING * * *
Casting: Pain (safe; 4% risk of failure)
Confirm with . or Enter, or press ? or * to list all spells.
Aiming: Pain (safe; 4% risk of failure)
Press: ? - help, Shift-Dir - straight line, f/p - kobold
Aim: a kobold, wielding a +0 club (moderately wounded, chance to defeat MR: 83%)
The kobold barely resists.
The kobold barely misses you.
Casting: Pain (safe; 4% risk of failure)
Confirm with . or Enter, or press ? or * to list all spells.
Aiming: Pain (safe; 4% risk of failure)
Press: ? - help, Shift-Dir - straight line, f/p - kobold
Aim: a kobold, wielding a +0 club (moderately wounded, chance to defeat MR: 83%)
The kobold writhes in agony.
The kobold hits you with a +0 club.
You die...

.$.. ................+....<....+.
...# #..###..###..>..#####.#####.
...g #..#....# ......#PPP#.#PPP#.
...###..###..###.....#P⌠P#.#P⌠P#.
....................#PPP#.#PPP#.
....................#####+#####.
....?.K(.K.(..#........ . . ....
........#####.######.. ... ...
........# #KK@.# ... ......!.#
####.#####.... ........#
#....K..... .......##
#######......... ......#
.K......##...... ###### .########
..... ####


You could see 2 kobolds.

Vanquished Creatures
  2 kobolds (D:1)
  A bat (D:1)
  2 rats (D:1)
5 creatures vanquished.

Notes
Turn   | Place    | Note
-------+----------+-------------------------------------------
     0 | D:1      | Esekla the Formicid Necromancer began the quest for the
                  | Orb.
     0 | D:1      | Reached XP level 1. HP: 13/13 MP: 3/3
   148 | D:1      | Slain by a kobold

Illustrated notes

Levels and vault maps discovered:
D:1:      beargit_arrival_greenhouse, layout_rooms, minmay_misc_feat_nine_boxes,
          minmay_misc_feat_enclosed

Action                   || total
-------------------------++-------
Melee: Spear             ||    15
 Cast: Pain              ||     2
 Stab: Sleeping          ||     1
Armor: Robe              ||     1
Dodge: Dodged            ||     7
